 Dungeon Crawl Stone Soup version 0.30-a0-424-g7412bad402 (webtiles) character file.

Game seed: 6206910280393340981

87250 SensoryNuts the Executioner (level 15, -5/139 HPs)
             Began as a Hill Orc Fighter on Dec 9, 2022.
             Was the Champion of Beogh.
             Slain by a merfolk impaler
             ... wielding a +2 demon trident of freezing
              (8 damage)
             ... on level 4 of the Shoals.
             The game lasted 00:51:48 (27275 turns).

SensoryNuts the Executioner (Hill Orc Fighter)     Turns: 27275, Time: 00:51:49

Health: -5/139     AC: 33    Str: 33    XL:     15   Next: 90%
Magic:  0/15       EV:  7    Int:  8    God:    Beogh [******]
Gold:   2855       SH: 12    Dex: 10    Spells: 14/14 levels left

rFire   . . .      SeeInvis .    v - +3 broad axe
rCold   . . .      Faith    .    y - +1 kite shield
rNeg    . . .      Spirit   +    h - +2 crystal plate armour
rPois   +          Reflect  .    V - +2 helmet
rElec   .          Harm     .    L - +0 cloak
rCorr   .          Rampage  .    g - +0 pair of gloves
Will    ++...                    N - +0 pair of boots
Stlth   ..........               z - amulet of guardian spirit
HPRegen 0.43/turn                l - +6 ring of strength
MPRegen 0.14/turn                (no ring)

@: no status effects
A: walk on water, hooves 1, strong-willed 1, poison resistance
a: Renounce Religion, Smiting, Recall Orcish Followers, Give Item to Named
Follower, Resurrection


You were on level 4 of the Shoals.
You worshipped Beogh.
Beogh was exalted by your worship.
You visited 5 branches of the dungeon, and saw 21 of its levels.
You also visited: Bailey.

You collected 3307 gold pieces.
You spent 452 gold pieces at shops.

Inventory:

Hand Weapons
 a - a +0 war axe of flaming
 o - a +2 spectral war axe
 v - a +3 broad axe (weapon)
Missiles
 R - 3 throwing nets
Armour
 g - a +0 pair of gloves (worn)
 h - a +2 crystal plate armour (worn)
 y - a +1 kite shield (worn)
 L - a +0 cloak (worn)
 N - a +0 pair of boots (worn)
 V - a +2 helmet (worn)
Jewellery
 e - a ring of willpower
 l - a +6 ring of strength (left hand)
 n - a ring of willpower
 r - a ring of protection from cold
 z - an amulet of guardian spirit (around neck)
 B - a ring of protection from fire
 H - a ring of positive energy
 I - a ring of protection from cold
 Q - a ring of resist corrosion
 S - the ring of Gydi {Fly rPois Int-3 Slay+5 SInv}
   (You found it on level 4 of the Shoals)

   [ring of flight]

   Int:       It affects your intelligence (-3).
   Slay:      It affects your accuracy & damage with ranged weapons and melee
   (+5).
   rPois:     It protects you from poison.
   SInv:      It lets you see invisible.
   Fly:       It grants you flight.
Wands
 b - a wand of paralysis (24)
 c - a wand of light (24)
 x - a wand of polymorph (13)
 O - a wand of roots (5)
Scrolls
 i - 8 scrolls of teleportation
 j - 6 scrolls of immolation
 k - 3 scrolls of fog
 m - a scroll of enchant weapon
 q - 4 scrolls of magic mapping
 C - 2 scrolls of amnesia
 F - 2 scrolls of identify
 M - 3 scrolls of poison
Potions
 d - 7 potions of mutation
 p - 2 potions of magic
 s - 5 potions of degeneration
 t - 5 potions of flight
 u - 2 potions of brilliance
 E - 2 potions of resistance
 J - 2 potions of lignification
 P - a potion of cancellation
 T - 2 potions of ambrosia
Miscellaneous
 A - a box of beasts
 U - a lightning rod (4/4)


   Skills:
 + Level 14.7 Fighting
 * Level 23.0 Axes
 + Level 14.5 Armour
 + Level 3.1 Dodging
 + Level 3.0 Stealth
 + Level 12.0 Shields
 + Level 0.8 Invocations
 + Level 1.4 Evocations


You had 14 spell levels left.
You didn't know any spells.
Your spell library contained the following spells:

 Spells                   Type           Power      Damage    Failure   Level
 Sandblast                Erth           0%         2d4       100%        1
 Shock                    Conj/Air       0%         1d3       100%        1
 Passwall                 Tmut/Erth      0%         N/A       100%        2
 Swiftness                Air            0%         N/A       100%        3
 Airstrike                Air            0%         2d(0-16)  100%        4
 Fulminant Prism          Conj/Hex       0%         3d5       100%        4
 Leda's Liquefaction      Hex/Erth       0%         N/A       100%        4
 Summon Mana Viper        Hex/Summ       0%         N/A       100%        5
 Statue Form              Tmut/Erth      0%         N/A       100%        6
 Shatter                  Erth           0%         3d5*      100%        9


Dungeon Overview and Level Annotations

Branches:
Dungeon (9/15)             Temple (1/1) D:4            Lair (5/5) D:9
 Shoals (4/4) Lair:2       Spider (0/4) Lair:3        Slime (0/5) Lair:4
    Orc (2/2) D:9             Elf (0/3) Orc:2        Bailey (visited)

Altars:
Ashenzari
Cheibriados
Dithmenos
Elyvilon
Fedhas
Gozag
Hepliaklqana
Kikubaaqudgha
Makhleb
Nemelex Xobeh
Qazlal
Ru
Trog
Uskayaw
Vehumet
Wu Jian
Xom
Yredelemnul
Zin
The Shining One
Beogh
Jiyva
Lugonu

Shops:
D:6 ?   Orc:2 *=*:   Shoals:2 !*

Portals:
Abyss: Lair:5 Shoals:4

Annotations:
D:7 2 transporters
D:8 3 runed translucent doors, cforsyth's ghost, novice HOMo
Shoals:4 1 runed translucent door


Innate Abilities, Weirdness & Mutations

You can walk on water.
You have large cloven feet.
You are strong-willed. (Will+)
Your system is resistant to poisons. (rPois)


Message History

The javelin pierces through you! The merfolk impaler barely misses you.
The alligator snapping turtle bites you but does no damage.
The merfolk impaler barely misses you.
The merfolk impaler hits you but does no damage.
The merfolk siren chants a haunting song.
You resist with almost no effort.
The merfolk impaler hits you but does no damage.
You block the merfolk impaler's attack.
You miss the merfolk impaler. You barely miss the merfolk impaler.
You closely miss the merfolk javelineer.
You barely miss the merfolk impaler.
The merfolk hits you but does no damage.
You block the merfolk impaler's attack. x2
Olfik hits the merfolk impaler from afar with a +0 glaive!!
The merfolk javelineer throws a javelin.
The javelin pierces through you!
* * * LOW HITPOINT WARNING * * *
The merfolk javelineer hits you but does no damage.
You block the merfolk impaler's attack.
The merfolk impaler hits you from afar with a +2 vorpal trident.
* * * LOW HITPOINT WARNING * * *
x2 The merfolk siren hits you but does no damage.
The alligator snapping turtle bites you from afar!
* * * LOW HITPOINT WARNING * * *
You block the merfolk impaler's attack.
The merfolk impaler hits you but does no damage.
As you read the scroll of summoning, it crumbles to dust.
Wisps of shadow whirl around you...
The merfolk impaler hits you but does no damage.
The merfolk impaler hits you from afar with a +2 vorpal trident!
* * * LOW HITPOINT WARNING * * *
x2 The merfolk barely misses you.
Olfik hits the merfolk impaler from afar with a +0 glaive!!
The merfolk javelineer barely misses you.
The merfolk javelineer throws a javelin.
The javelin pierces through you but does no damage.
You block the merfolk impaler's attack.
The merfolk impaler hits you but does no damage.
The merfolk impaler hits you with a +2 demon trident of freezing!
You die...

≈≈≈≈≈≈≈≈~~~~~~≈≈≈≈≈≈≈≈≈≈##~~~##≈≈
≈≈≈≈~~~~~~~.~~~~~≈≈≈≈≈≈≈≈#####≈≈≈
≈≈≈~~~~........~~~≈≈≈≈~PPPP~≈≈≈≈≈
≈≈≈~............~(~~~P~PPP~~~≈≈≈≈
≈≈≈~............~~~~~...P.PP~~≈≈≈
≈≈≈≈.###.........~~~P...P..PP####
≈≈≈≈~.##......koo~~~.P....PP##
≈≈≈≈≈~~......##o##~.P...P...#
~~~~≈~~.....##mm@##....P....+
~~.~≈~~~≈≈≈~#.mmmm#..P......#
~..~≈≈≈≈≈≈≈≈#.ttmm#..~......##
....~≈~~≈≈≈≈#.....#...[......####
.........≈≈≈##...##..........~~≈≈
.......~###~≈#####..........~~≈≈≈
..####..##.~≈≈~~~~~~....~~..~~≈≈≈
.### #.....≈≈~...~~...~~~~...~~≈≈
...###...~≈≈~..~~≈~..........~~≈≈


You could see an alligator snapping turtle, 4 merfolk impalers, 2 merfolk
javelineers, a merfolk, a merfolk siren, the friendly Olfik the orc knight, the
friendly Orgrim the orc knight (strong), a friendly snapping turtle (summoned)
and a friendly wind drake (summoned, repels missiles).

Vanquished Creatures
  Mlioglotl (Shoals:1)
  Gastronok (D:9)
  Kirke (Shoals:1)
  Polyphemus (Shoals:4)
  An orc warlord (Orc:2)
  2 merfolk javelineers (Shoals:4)
  A merfolk impaler (Shoals:3)
  A fire dragon (Shoals:2)
  2 hydras
  2 satyrs (Shoals:4)
  2 vault guards (Bailey)
  2 catoblepae
  3 merfolk avatars
  3 death yaks (Shoals:4)
  A thrashing horror (Lair:5)
  6 sea snakes
  3 orc sorcerers (Orc:2)
  4 fauns
  9 harpies
  A cyclops (Shoals:1)
  3 manticores
  2 ugly things (Lair:5)
  9 elephants
  2 water nymphs (Shoals:2)
  2 black mambas
  5 merfolk sirens
  A torpor snail (Lair:5)
  10 cane toads
  Maggie (D:8)
  4 rime drakes
  A yaktaur (shapeshifter) (Lair:5)
  An ancient zyme (Lair:5)
  4 komodo dragons
  A polar bear (Lair:5)
  A troll (D:7)
  13 merfolk
  Prince Ribbit (Bailey)
  8 blink frogs
  2 snapping turtles
  5 dream sheep
  A shadow (D:9)
  3 ynoxinuls (Lair:5)
  6 water elementals
  5 humans (Bailey)
  2 basilisks
  A hog (Shoals:1)
  3 wyverns
  17 yaks
  Eustachio (D:4)
  2 steam dragons (D:7)
  3 wargs
  A chaos spawn (Lair:5)
  3 small abominations (Lair:5)
  9 water moccasins
  3 orc warriors
  6 black bears
  2 sky beasts
  4 ogres
  8 centaurs
  2 phantoms
  26 bullfrogs
  A necrophage (D:7)
  8 scorpions
  9 wights
  8 killer bees (D:8)
  2 electric eels (Lair:3)
  5 howler monkeys
  4 hounds (D:5)
  4 jellies
  2 orc priests
  7 iguanas
  9 orc wizards
  Ijyb (D:3)
  5 gnolls
  2 adders
  5 white imps
  3 dart slugs
  33 orcs
  4 bats
  3 endoplasms
  6 giant cockroaches
  11 goblins
  6 hobgoblins
  3 jackals (D:1)
  8 kobolds
  3 quokkas
  6 ball pythons
  A frilled lizard (D:1)
  10 rats
  3 bushes (Shoals:2)
  A tentacle (Shoals:1)
404 creatures vanquished.

Vanquished Creatures (collateral kills)
  A kraken (Shoals:1)
  Roxanne (Shoals:1)
  An orc warlord (Orc:1)
  3 merfolk javelineers
  4 merfolk impalers
  An ice dragon (Shoals:2)
  Erolcha (Orc:1)
  A merfolk avatar (Shoals:1)
  3 alligator snapping turtles
  2 hydras (Lair:5)
  A centaur warrior (Shoals:2)
  A boulder beetle (Lair:5)
  3 thrashing horrors (Lair:5)
  2 merfolk aquamancers
  A satyr (Shoals:4)
  An orc high priest (Orc:1)
  A sea snake (Shoals:1)
  A lindwurm (Lair:5)
  3 harpies
  A faun (Shoals:2)
  3 cyclopes
  4 orc sorcerers
  2 manticores (Shoals:4)
  A merfolk siren (Shoals:4)
  2 apocalypse crabs (Shoals:4)
  3 black mambas (Lair:5)
  4 water nymphs
  A smoke demon (Lair:5)
  3 cane toads
  2 komodo dragons
  An ancient zyme (Lair:5)
  11 merfolk
  6 snapping turtles
  9 blink frogs
  2 wind drakes
  13 dream sheep
  3 water elementals
  2 spriggans (Lair:5)
  3 yaks (Lair:5)
  A large abomination (Lair:5)
  3 hogs (Shoals:1)
  A chaos spawn (Lair:5)
  A warg (Orc:1)
  2 water moccasins (Lair:5)
  5 orc warriors
  2 ogres (Orc:1)
  8 small abominations (Lair:5)
  3 bullfrogs
  3 orc priests
  16 orc wizards
  10 orcs
  A plant (Shoals:2)
  2 tentacles (Shoals:1)
166 creatures vanquished.

Vanquished Creatures (others)
  An orc high priest (Shoals:1)
  3 orc knights (Shoals:3)
  11 orc warriors
  6 orc priests
  5 orc wizards
  29 orcs
  An endoplasm (D:4)
  A bush (Shoals:2)
  45 fungi
  115 plants
  5 tentacles (Shoals:1)
222 creatures vanquished.

Grand Total: 792 creatures vanquished

Notes
Turn   | Place    | Note
-------+----------+-------------------------------------------
     0 | D:1      | SensoryNuts the Hill Orc Fighter began the quest for the
                  | Orb.
     0 | D:1      | Reached XP level 1. HP: 19/19 MP: 1/1
   129 | D:1      | Reached XP level 2. HP: 27/27 MP: 2/2
   273 | D:1      | Reached skill level 3 in Axes
   663 | D:2      | Reached XP level 3. HP: 28/33 MP: 3/3
   725 | D:2      | Found a faded altar of an unknown god.
   731 | D:2      | Reached skill level 4 in Axes
  1188 | D:3      | Noticed Ijyb
  1205 | D:3      | Reached XP level 4. HP: 17/40 MP: 4/4
  1206 | D:3      | Killed Ijyb
  1348 | D:3      | Found a blossoming altar of Fedhas.
  1553 | D:3      | Found a burning altar of Makhleb.
  1635 | D:3      | Found a sacrificial altar of Ru.
  1980 | D:4      | Found a staircase to the Ecumenical Temple.
  1996 | D:4      | Reached skill level 5 in Axes
  1996 | D:4      | Reached XP level 5. HP: 25/46 MP: 5/5
  2010 | Temple   | Entered the Ecumenical Temple
  2657 | D:4      | Found a stormy altar of Qazlal.
  2953 | D:5      | Entered Level 5 of the Dungeon
  2971 | D:5      | Reached XP level 6. HP: 40/52 MP: 6/6
  3022 | D:5      | Reached skill level 6 in Axes
  3054 | D:5      | Reached skill level 5 in Armour
  3054 | D:5      | Reached skill level 1 in Dodging
  3128 | D:5      | Found a radiant altar of Vehumet.
  3167 | D:5      | Reached XP level 7. HP: 39/60 MP: 7/7
  3327 | D:5      | Reached skill level 5 in Fighting
  3684 | D:5      | Reached skill level 7 in Axes
  3688 | D:5      | Noticed Eustachio
  4040 | D:5      | Found a broken altar of Ashenzari.
  4074 | D:5      | Found a hide-covered altar of Uskayaw.
  4807 | D:5      | Gained mutation: You have hidden genetic potential. [potion
                  | of mutation]
  4807 | D:5      | Gained mutation: You are strong-willed. (Will+) [potion of
                  | mutation]
  5257 | D:6      | Reached XP level 8. HP: 69/69 MP: 8/8
  5269 | D:6      | Reached skill level 8 in Axes
  5346 | D:6      | Gained mutation: Your system is resistant to poisons.
                  | (rPois) [hidden potential]
  5523 | D:6      | Reached skill level 9 in Axes
  5653 | D:6      | Reached skill level 5 in Shields
  5752 | D:6      | Found Gulajix's Magic Scroll Boutique.
  5813 | D:6      | Reached XP level 9. HP: 75/75 MP: 9/9
  5923 | D:6      | Reached skill level 10 in Axes
  5945 | D:6      | Gained mutation: You have large cloven feet. [hidden
                  | potential]
  5945 | D:6      | Lost mutation: You have hidden genetic potential. [hidden
                  | potential expressed]
  6643 | D:6      | Found a sparkling altar of Nemelex Xobeh.
  6721 | D:6      | Bought a scroll of identify for 30 gold pieces
  6721 | D:6      | Bought a scroll of identify for 30 gold pieces
  6721 | D:6      | Bought a scroll of identify for 30 gold pieces
  6854 | D:7      | Became a worshipper of Beogh the Brigand
  7038 | D:7      | Reached skill level 11 in Axes
  7149 | D:7      | Noticed a troll
  7166 | D:7      | Killed a troll
  7267 | D:7      | Reached XP level 10. HP: 86/86 MP: 10/10
  7276 | D:7      | Reached skill level 12 in Axes
  7426 | D:7      | Found a transporter.
  7426 | D:7      | Found a transporter.
  7429 | D:7      | Found a roughly hewn altar of Beogh.
  7862 | D:4      | Killed Eustachio
  8030 | D:8      | Found a flagged portal.
  8051 | Bailey   | Entered a bailey
  8207 | Bailey   | Reached * piety under Beogh
  8241 | Bailey   | Noticed Prince Ribbit
  8241 | Bailey   | Noticed a vault guard
  8246 | Bailey   | Killed Prince Ribbit
  8247 | Bailey   | Reached skill level 13 in Axes
  8259 | Bailey   | Killed a vault guard
  8309 | Bailey   | Noticed a vault guard
  8340 | Bailey   | Killed a vault guard
  8553 | Bailey   | Reached XP level 11. HP: 85/95 MP: 9/11
  8557 | Bailey   | Reached skill level 17 in Axes
  8557 | Bailey   | Reached XP level 12. HP: 94/103 MP: 9/12
  9027 | D:8      | Found a runed translucent gate.
  9028 | D:8      | Found a runed translucent gate.
  9029 | D:8      | Found a runed translucent gate.
  9031 | D:8      | Noticed cforsyth's ghost (novice HOMo)
  9114 | D:8      | Found a glowing silver altar of Zin.
  9140 | D:8      | Noticed Maggie
  9144 | D:8      | Killed Maggie
  9145 | D:8      | Reached skill level 18 in Axes
 10315 | D:9      | Found a hazy altar of Hepliaklqana.
 10316 | D:9      | Found a shimmering altar of Xom.
 10332 | D:9      | Reached ** piety under Beogh
 10479 | D:9      | Found a staircase to the Lair.
 10726 | D:9      | Noticed Gastronok
 10739 | D:9      | Killed Gastronok
 10825 | D:9      | Found a staircase to the Orcish Mines.
 11420 | Lair:1   | Entered Level 1 of the Lair of Beasts
 11573 | Lair:1   | Got the Book of Alluring Grit
 11851 | Lair:1   | Reached skill level 19 in Axes
 12001 | Lair:1   | Reached skill level 10 in Armour
 12250 | Lair:1   | Reached skill level 10 in Fighting
 12875 | Lair:2   | Noticed a four-headed hydra
 12882 | Lair:2   | Killed a one-headed hydra
 12883 | Lair:2   | Reached skill level 1 in Stealth
 12883 | Lair:2   | Reached XP level 13. HP: 88/114 MP: 9/13
 13213 | Lair:2   | Found a staircase to the Shoals.
 13229 | Lair:2   | Reached *** piety under Beogh
 13776 | Lair:3   | Found a hole to the Spider Nest.
 13825 | Lair:3   | Found a dark tunnel.
 14235 | Lair:3   | Noticed Urug
 14931 | Lair:4   | Found a staircase to the Slime Pits.
 14931 | Lair:4   | Found a viscous altar of Jiyva.
 14958 | Lair:4   | Reached skill level 20 in Axes
 15063 | Lair:4   | Reached **** piety under Beogh
 15181 | Lair:4   | Identified the +0 leather armour of Vanity {rPois Will-
                  | Regen+}
 15647 | Lair:5   | Entered Level 5 of the Lair of Beasts
 15707 | Lair:5   | Reached skill level 1 in Evocations
 15955 | Lair:5   | Identified the +1 ring mail "Febloat" {Rampage}
 16130 | Lair:5   | Reached skill level 10 in Shields
 16381 | Lair:5   | Reached XP level 14. HP: 74/126 MP: 9/14
 16387 | Lair:5   | Reached ***** piety under Beogh
 16894 | Lair:5   | Found a corrupted altar of Lugonu.
 16894 | Lair:5   | Found a one-way gate to the infinite horrors of the Abyss.
 17729 | D:9      | Identified a scroll of acquirement
 17730 | D:9      | Acquired a +2 crystal plate armour
 17836 | Orc:1    | Entered Level 1 of the Orcish Mines
 17970 | Orc:2    | Entered Level 2 of the Orcish Mines
 17970 | Orc:2    | Noticed an orc warlord
 17983 | Orc:2    | Killed an orc warlord
 17988 | Orc:2    | Reached skill level 21 in Axes
 18247 | Orc:2    | Gained Bogwik as an ally
 18250 | Orc:2    | Gained Jorge as an ally
 18266 | Orc:2    | Found Urig's Assorted Antiques.
 18266 | Orc:2    | Found Kycyloeck's Book Shop.
 18297 | Orc:2    | Found Zamugh's Jewellery Boutique.
 18306 | Orc:2    | Found Loisch's General Store.
 18312 | Orc:2    | Bought a scroll of enchant weapon for 120 gold pieces
 18477 | Orc:2    | Found a staircase to the Elven Halls.
 18517 | Orc:1    | Noticed Erolcha
 18529 | Orc:1    | Reached ****** piety under Beogh
 18529 | Orc:1    | Gained Spirok as an ally
 18530 | Orc:1    | Killed Erolcha
 18532 | Orc:1    | Gained Bogbrand as an ally
 18538 | Orc:1    | Noticed an orc warlord
 18550 | Orc:1    | Killed an orc warlord
 20333 | Shoals:1 | Entered Level 1 of the Shoals
 20333 | Shoals:1 | Noticed Mlioglotl
 20333 | Shoals:1 | Identified Roxanne's Guide on the Rocks
 20333 | Shoals:1 | Noticed Roxanne
 20343 | Shoals:1 | Killed Mlioglotl
 20346 | Shoals:1 | Your ally Jorge died
 20358 | Shoals:1 | Killed Roxanne
 20360 | Shoals:1 | Your ally Spirok died
 20616 | Shoals:1 | Your ally Bogwik died
 20639 | Shoals:1 | Your ally Bogbrand died
 20866 | Shoals:1 | Noticed Kirke
 20870 | Shoals:1 | Gained Orgrim as an ally
 20877 | Shoals:1 | Killed Kirke
 20939 | Shoals:1 | Noticed a kraken
 20948 | Shoals:1 | Killed a kraken
 20948 | Shoals:1 | Gained Ognian as an ally
 21448 | Shoals:1 | Acquired 1182 gold pieces
 21464 | Shoals:2 | Found Wocicil's Distillery.
 21705 | Shoals:2 | Bought a potion of heal wounds for 55 gold pieces
 21705 | Shoals:2 | Bought a potion of might for 44 gold pieces
 21705 | Shoals:2 | Bought a potion of curing for 33 gold pieces
 21705 | Shoals:2 | Bought a potion of haste for 110 gold pieces
 22001 | Shoals:2 | Reached skill level 22 in Axes
 22001 | Shoals:2 | Reached XP level 15. HP: 41/136 MP: 6/15
 22601 | Shoals:2 | Found Niruaf's CLEARANCE SALE!.
 23566 | Shoals:2 | Identified the +2 animal skin of Jeoskuta {rN+ Str+6}
 24034 | Shoals:3 | Gained Olfik as an ally
 24149 | Shoals:3 | Your ally Ognian died
 25328 | Shoals:4 | Entered Level 4 of the Shoals
 25648 | Shoals:4 | Identified the +1 pair of boots of the Hunter {rN+ Str+3
                  | SInv Stlth-}
 25672 | Shoals:4 | Noticed Polyphemus
 25693 | Shoals:4 | Killed Polyphemus
 25916 | Shoals:4 | Identified the +0 leather armour "Hoitirhuub" {Regen+}
 26086 | Shoals:4 | Identified the ring of Gydi {Fly rPois Int-3 Slay+5 SInv}
 26579 | Shoals:4 | Found a runed translucent door.
 26579 | Shoals:4 | Paralysed by you for 3 turns
 26591 | Shoals:4 | Found a corrupted altar of Lugonu.
 27267 | Shoals:4 | Reached skill level 23 in Axes
 27275 | Shoals:4 | HP: 4/139 [merfolk impaler/+2 vorpal trident (14)]
 27275 | Shoals:4 | Slain by a merfolk impaler

Illustrated notes

Levels and vault maps discovered:
D:1:      psy_arrival_radial02, layout_basic, grunt_decor_junction
D:2:      layout_rooms, chequers_ecumenical_altar_simple_redux,
          minmay_split_cup_large
D:3:      layout_loops_cross, fedhas_altar_2, lemuel_doored_altar,
          mainiacjoe_overflow_alcove_4, grunt_decor_arrowhead, uniq_ijyb
D:4:      layout_rooms, grunt_qazlal_clouds,
          minmay_temple_entry_statues_pillars, minmay_surrounded
D:5:      layout_basic, mainiacjoe_overflow_two_lobes, pf_just_have_faith,
          serial_rivers, chequers_serial_rivers_micro_e,
          chequers_serial_rivers_large_a, chequers_serial_rivers_marsh,
          chequers_serial_rivers_micro_b, chequers_serial_rivers_small_b,
          moated_statue, uniq_eustachio
D:6:      minmay_razor_zed, layout_basic, mainiacjoe_overflow_alcove_1,
          serial_shops, nicolae_shop_temple_entry_statues_fountains,
          minmay_quadrilaterals
D:7:      gammafunk_beogh_shrine, layout_loops_ring
D:8:      layout_basic, mainiacjoe_overflow_tiny_flanked,
          ebering_ghost_rock_garden, enter_bailey_4, uniq_maggie
D:9:      layout_stronghold, regret_index_temple_of_mockery,
          due_lair_maze_entry_diamond, orc_0_dummy, uniq_gastronok
Temple:   nicolae_temple_ecumenical_triangle
Lair:1:   layout_regular_city, lemuel_fruit_tree, grunt_megastairs_4
Lair:2:   layout_chaotic_city, shoals_dummy_entry, infiniplex_staircase_pool
Lair:3:   layout_misc_corridors, dummy_spider_entry,
          nicolae_volcano_entry_hallway, serial_bayou_shore_a, uniq_urug
Lair:4:   layout_cave_pods, slime_entry_1
Lair:5:   hellmonk_lair_end_abyssal_woods, layout_misc_corridors
Shoals:1: layout_shoals, uniq_mlioglotl, uniq_kirke, uniq_roxanne
Shoals:2: argonaut_golden_fleece, layout_shoals, serial_shops,
          nicolae_shop_stone, nicolae_shop_clearance
Shoals:3: layout_shoals, nicolae_shoals_mertower
Shoals:4: shoals_end_simple, layout_shoals, nicolae_shoals_abyss_on_the_beach,
          uniq_polyphemus
Orc:1:    layout_caves, uniq_erolcha
Orc:2:    st_orc_mages, layout_caves

Skill      XL: |  1  2  3  4  5  6  7  8  9 10 11 12 13 14 15 |
---------------+----------------------------------------------+-----
Axes           | 3 4 5 6 7 9 11 13 17 19 20 22 23 | 23.0
Fighting       | 4 5 6 7 8 10 12 13 14 | 14.7
Armour         | 4 5 7 8 9 10 12 13 14 | 14.5
Shields        | 4 5 6 7 9 10 11 12 | 12.0
Dodging        | 1 2 3 |  3.1
Stealth        | 1 2 3 |  3.0
Evocations     | 1 |  1.4
Invocations    | |  0.8

Action                   |  1- 3 |  4- 6 |  7- 9 | 10-12 | 13-15 || total
-------------------------+-------+-------+-------+-------+-------++-------
Melee: War axe           |   102 |   158 |   254 |   207 |   362 ||  1083
       Kick              |       |       |    18 |    90 |       ||   108
       Broad axe         |       |       |       |   217 |   392 ||   609
Invok: Convert to Beogh  |       |       |     1 |       |       ||     1
       Recall Orcish Fol |       |       |       |       |    13 ||    13
       Give Item to Name |       |       |       |       |     1 ||     1
Evoke: Wand              |       |       |       |       |    13 ||    13
  Use: Scroll            |     5 |     1 |    12 |     8 |    19 ||    45
       Potion            |     3 |     1 |     6 |     5 |    17 ||    32
 Stab: Invisible         |       |       |       |       |     4 ||     4
       Distracted        |       |       |       |       |     5 ||     5
Armor: Scale mail        |    55 |    71 |    54 |       |       ||   180
       Chain mail        |       |       |    52 |    43 |       ||    95
       Plate armour      |       |       |       |   187 |   160 ||   347
       Crystal plate arm |       |       |       |       |   348 ||   348
Dodge: Dodged            |    56 |    65 |    84 |    99 |   181 ||   485
Block: Buckler           |    32 |    47 |    14 |       |       ||    93
       Kite shield       |       |       |    94 |   206 |   450 ||   750

Table legend: (Time is in decaauts)
 A = Elapsed time spent in this place.
 B = Non-inter-level travel time spent in this place.
 C = Inter-level travel time spent in this place.
 D = Time resting spent in this place.
 E = Time spent auto-exploring this place.
 F = Levels seen in this place.
 G = Mean time per level.
                   A        B        C        D        E       F      G
               +--------+--------+--------+--------+--------+-----+--------+
         Total |  27217 |  25764 |   1453 |   2448 |  18648 |  22 | 1237.1 |
       Dungeon |  10789 |   9898 |    891 |    660 |   7268 |   9 | 1198.8 |
        Temple |    309 |    309 |      0 |      0 |    237 |   1 |  309.0 |
          Lair |   7567 |   7125 |    442 |   1227 |   4659 |   5 | 1513.4 |
        Shoals |   6804 |   6684 |    120 |    470 |   5301 |   4 | 1701.0 |
  Orcish Mines |   1128 |   1128 |      0 |     91 |    751 |   2 |  564.0 |
        Bailey |    617 |    617 |      0 |      0 |    430 |   1 |  617.0 |
               +--------+--------+--------+--------+--------+-----+--------+

Top non-repeatable levels by time:
  Lair:2: 2330 daAuts
     D:5: 2277 daAuts
Shoals:2: 2264 daAuts
  Lair:5: 1907 daAuts
Shoals:4: 1880 daAuts
     D:6: 1753 daAuts
Shoals:3: 1555 daAuts
     D:8: 1492 daAuts
     D:9: 1431 daAuts
  Lair:1: 1345 daAuts
Shoals:1: 1103 daAuts
  Lair:3: 1080 daAuts
     D:7: 1007 daAuts
  Lair:4: 903 daAuts
     D:3: 885 daAuts
